Map: Acropolis LE

Players

SpeCial - Winner!

  • Race: Terran Terran
  • Spawn Location: 5:00

Harstem

  • Race: Protoss Protoss
  • League: Platinum
  • Spawn Location: 11:00

Event: 2019 WCS Summer

VOD

Have the link to the VOD?

Description

Time

  • Played on: July 13, 2019, 8:56 a.m.
  • Length: 12:28

All games in this series

Show
View Real Time Build Order
Export as new Build Order

SpeCial Terran - Winner!

Build Orders: Reaper Expand 

Get SALT Encoding   

  12  0:00  SCV  
  13  0:12  SCV  
  14  0:17  Supply Depot  
  14  0:24  SCV  
  15  0:38  SCV  
  15  0:40  Barracks  
  16  0:43  Refinery  
  16  0:50  SCV  
  17  1:02  SCV  
  18  1:14  SCV  
  19  1:27  Orbital Command, Reaper  
  20  1:39  Command Center  
  20  1:49  Supply Depot  
  20  1:53  SCV  
  21  1:59  Marine  
  22  2:05  Factory  
  22  2:08  SCV  
  23  2:13  Refinery  
  23  2:20  SCV  
  23  2:21  Barracks Reactor  
  24  2:32  SCV  
  25  2:44  SCV  
  25  2:50  Starport  
  26  2:51  Orbital Command  
  26  2:55  Widow Mine  
  26  2:56  SCV  
  26  2:57  Marine  
  26  2:58  Marine  
  31  3:08  SCV  
  32  3:15  Marine x2  
  32  3:17  SCV  
  32  3:19  Widow Mine  
  37  3:20  SCV  
  30  3:27  Medivac  
  38  3:29  SCV  
  38  3:30  Supply Depot  
  38  3:33  SCV  
  42  3:36  Marine  
  42  3:37  Marine  
  42  3:41  SCV  
  45  3:45  SCV  
  46  3:52  Widow Mine  
  46  3:53  SCV, Supply Depot  
  49  3:56  Marine x2  
  49  3:57  SCV  
  52  4:05  SCV  
  52  4:07  Barracks  
  52  4:09  SCV  
  54  4:10  Barracks  
  54  4:14  Marine  
  54  4:15  Supply Depot  
  55  4:17  SCV  
  55  4:19  Starport Tech Lab  
  55  4:21  SCV  
  55  4:23  Engineering Bay  
  55  4:26  Marine  
  55  4:29  SCV  
  57  4:32  Marine  
  57  4:33  SCV  
  57  4:37  Bunker  
  57  4:38  Raven  
  61  4:41  Factory Tech Lab  
  61  4:42  SCV  
  61  4:45  Marine, SCV  
  64  4:50  Marine  
  65  4:56  Missile Turret  
  64  5:01  SCV x2  
  64  5:03  Marine  
  65  5:08  Marine  
  65  5:09  Terran Infantry Weapons Level 1  
  65  5:11  Refinery  
  65  5:12  Refinery  
  65  5:13  SCV x2  
  68  5:18  Marine, Supply Depot  
  68  5:19  Factory Reactor, Stimpack  
  68  5:21  Marine  
  70  5:27  Starport Reactor  
  70  5:36  Combat Shield, Supply Depot  
  70  5:39  Marine, SCV x2  
  70  5:41  Supply Depot  
  74  5:46  Marauder x2, Marine  
  78  5:57  Marine  
  78  5:58  SCV x2, Command Center  
  78  5:59  Supply Depot  
  78  6:03  Supply Depot  
  80  6:05  Medivac x2  
  80  6:06  Widow Mine x2  
  80  6:10  Marauder x2  
  92  6:11  Marine  
  92  6:15  SCV  
  94  6:20  Marine  
  94  6:21  SCV  
  96  6:29  Barracks  
  96  6:30  Barracks  
  96  6:32  Supply Depot  
  96  6:37  Marine  
  96  6:38  Marine, Marauder x2  
  102  6:40  SCV x2  
  106  6:47  Widow Mine x2  
  106  6:52  SCV  
  108  6:58  Marine x2  
  108  6:59  Marauder x2  
  108  7:00  Medivac  
  115  7:05  SCV  
  115  7:08  Terran Infantry Armor Level 1  
  116  7:14  Orbital Command  
  115  7:18  Marine x2  
  115  7:19  Barracks Tech Lab, Supply Depot  
  115  7:20  Barracks Reactor  
  117  7:23  Medivac  
  117  7:26  Widow Mine  
  121  7:31  SCV  
  121  7:36  Marine x2  
  124  7:43  Widow Mine  
  126  7:46  SCV  
  126  7:47  Widow Mine  
  126  7:48  Marine  
  126  7:49  Marauder  
  123  8:01  Medivac  
  123  8:02  Medivac  
  123  8:04  Widow Mine  
  123  8:05  SCV x2  
  117  8:08  Widow Mine  
  117  8:11  Marine x4  
  117  8:12  Marauder x3  
  123  8:15  Orbital Command  
  123  8:18  SCV x2  
  125  8:26  Widow Mine  
  127  8:29  Marine  
  127  8:30  Widow Mine, SCV  
  127  8:33  Marauder  
  133  8:41  Concussive Shells, Marine x3, Liberator  
  133  8:42  Marauder, SCV  
  133  8:43  SCV  
  133  8:44  SCV  
  141  8:57  Supply Depot  
  141  8:58  Marauder, Ghost Academy, Marine, Widow Mine  
  141  8:59  Refinery  
  141  9:00  Refinery  
  149  9:18  Supply Depot x2  
  149  9:19  Marauder, Marine x3, SCV x3  
  149  9:20  Marauder  
  148  9:26  Marauder, Marine  
  142  9:37  Marine x3  
  143  9:41  Marine, Marauder  
  146  9:46  SCV  
  146  9:47  Ghost, SCV  
  146  9:50  SCV  
  146  9:52  Missile Turret  
  151  9:56  Widow Mine x2  
  151  9:59  Ghost, SCV  
  157  10:02  Marauder  
  157  10:03  Medivac x2  
  157  10:04  SCV  
  164  10:09  SCV  
  165  10:16  Marauder  
  165  10:17  Armory  
  165  10:19  Engineering Bay  
  166  10:23  Ghost  
  166  10:25  Widow Mine x2  
  172  10:31  Marine  
  173  10:36  Ghost  
  173  10:38  Marine x2, Missile Turret  
  175  10:43  Marine, Ghost  
  177  10:54  Marine  
  177  10:55  Marauder  
  177  10:57  Command Center  
  177  11:00  Marine, SCV x2  
  177  11:05  Ghost  
  179  11:14  Ghost  
  179  11:15  Marine x2  
  180  11:25  Marine  
  181  11:30  Supply Depot  
  181  11:42  Marine  
  181  11:43  Marine  
  181  11:45  Marauder, Marine  
  176  11:47  Marine  
  176  11:48  Marauder, Widow Mine  
  176  11:50  Marauder  
  176  11:51  Widow Mine  
  182  11:59  Marine  
  182  12:00  Marine  
  177  12:06  Marauder  
  177  12:08  Marine x2  
Show
View Real Time Build Order
Export as new Build Order

Harstem Protoss 

Build Orders: 1 Gate Expand, Dark Templar Rush 

Get SALT Encoding   

  12  0:00  Probe  
  13  0:12  Probe  
  14  0:18  Pylon  
  14  0:24  Probe  
  15  0:29  Assimilator  
  15  0:33  Probe  
  15  0:41  Probe  
  16  0:47  Gateway  
  17  0:51  Probe  
  18  1:03  Probe  
  19  1:15  Probe  
  20  1:23  Nexus  
  20  1:34  Cybernetics Core  
  20  1:35  Probe  
  21  1:41  Assimilator  
  21  1:47  Probe  
  21  1:50  Pylon  
  22  1:59  Probe  
  22  2:00  Adept  
  23  2:11  Probe  
  23  2:12  Warp Gate  
  26  2:17  Twilight Council  
  26  2:23  Probe  
  27  2:31  Probe  
  27  2:32  Probe  
  27  2:33  Robotics Facility  
  29  2:39  Probe  
  29  2:40  Probe  
  31  2:49  Probe  
  31  2:50  Probe  
  33  2:59  Dark Shrine  
  33  3:01  Probe  
  35  3:08  Gateway  
  35  3:11  Gateway, Warp Prism  
  34  3:15  Probe  
  35  3:23  Probe  
  38  3:31  Probe  
  38  3:32  Pylon  
  41  3:37  Probe  
  41  3:38  Stalker  
  42  3:43  Assimilator, Probe  
  43  3:49  Probe  
  44  3:57  Probe  
  44  4:00  Pylon  
  44  4:01  Probe  
  47  4:09  Probe  
  48  4:10  Pylon  
  48  4:12  Charge  
  48  4:13  Probe  
  48  4:14  Dark Templar x2  
  48  4:16  Dark Templar  
  50  4:21  Probe  
  50  4:22  Pylon  
  51  4:25  Probe  
  52  4:34  Forge  
  52  4:47  Probe x2  
  54  4:53  Nexus  
  54  4:59  Probe  
  54  5:03  Protoss Ground Armor Level 1  
  54  5:05  Observer  
  54  5:06  Probe  
  55  5:07  Sentry, Zealot x2  
  55  5:10  Gateway  
  55  5:11  Probe  
  55  5:13  Gateway x2  
  63  5:18  Probe  
  64  5:24  Observer  
  64  5:27  Pylon  
  65  5:31  Gateway  
  65  5:33  Probe, Gateway  
  66  5:35  Sentry, Zealot  
  66  5:39  Pylon  
  70  5:45  Observer, Probe, Blink  
  70  5:46  Pylon  
  70  5:49  Zealot  
  74  5:56  Probe  
  75  5:57  Zealot  
  75  5:58  Probe  
  75  6:00  Zealot  
  80  6:08  Zealot x2, Probe  
  86  6:11  Probe  
  86  6:16  Pylon  
  86  6:21  Zealot x4  
  93  6:32  Immortal  
  93  6:34  Zealot x4  
  103  6:45  Zealot x4  
  111  6:50  Observer  
  107  6:57  Protoss Ground Armor Level 2  
  107  7:00  Probe  
  106  7:02  Probe  
  106  7:04  Templar Archives  
  106  7:06  Stalker  
  106  7:07  Stalker x2, Zealot  
  107  7:09  Zealot  
  109  7:18  Zealot x3  
  115  7:25  Observer  
  115  7:27  Pylon  
  115  7:31  Forge  
  115  7:32  Pylon  
  115  7:34  Zealot x2  
  115  7:35  Pylon  
  116  7:39  Zealot x2  
  116  7:42  Probe, Pylon  
  117  7:44  Probe  
  117  7:45  Probe  
  117  7:50  Dark Templar  
  117  7:51  Dark Templar  
  115  7:54  Probe  
  115  7:56  Probe  
  115  7:57  Probe  
  115  7:58  Zealot x2  
  106  8:06  Stalker, Probe  
  106  8:09  Probe  
  109  8:12  Stalker x2  
  109  8:18  Stalker x2, Probe  
  117  8:26  Zealot  
  117  8:27  Zealot x2, Probe  
  123  8:30  Warp Prism  
  123  8:32  Assimilator  
  124  8:36  Assimilator  
  124  8:37  Protoss Ground Weapons Level 1  
  124  8:43  Probe  
  124  8:48  Probe  
  125  8:50  Photon Cannon  
  125  8:54  Probe  
  126  8:55  Probe  
  126  8:59  Zealot x5  
  126  9:00  Psionic Storm  
  137  9:06  Sentry x2  
  119  9:27  Probe x3  
  119  9:30  Zealot  
  124  9:32  High Templar x2  
  124  9:37  Nexus  
  124  9:39  Pylon  
  124  9:40  Observer  
  124  9:42  Stalker x2, Zealot x3  
  134  9:47  Pylon  
  134  9:48  Pylon  
  134  9:49  Pylon  
  134  9:51  Pylon  
  134  9:57  Warp Prism  
  134  10:01  Nexus  
  134  10:07  Pylon  
  134  10:10  Probe  
  136  10:14  High Templar  
  136  10:15  Probe x2  
  136  10:17  Pylon  
  137  10:24  High Templar  
  137  10:26  Zealot x3  
  143  10:41  Zealot x3  
  147  10:54  Probe x2  
  149  10:58  Probe  
  149  10:59  High Templar  
  149  11:00  Zealot x3, Dark Templar  
  149  11:02  Pylon  
  152  11:06  Probe  
  152  11:08  Robotics Bay  
  152  11:10  Robotics Facility  
  138  11:21  Probe x3  
  138  11:22  Probe, Zealot  
  138  11:23  Zealot x3  
  150  11:29  Pylon  
  150  11:31  Assimilator  
  150  11:33  Zealot x2, Assimilator  
  150  11:34  Dark Templar  
  144  11:47  Zealot x5  
  150  11:55  Archon x2  
  150  11:56  Zealot x2  
  139  12:07  Zealot x4  
  135  12:11  Zealot x2  
  123  12:18  Dark Templar x2  
Tags
 
Add a new tag
Caveats
  • Supply blocks, unpowered buildings, or Contaminate may cause inaccurate times.
  • Supply counts are checked every 10 seconds.